 Dungeon Crawl Stone Soup version 0.31-a0-986-g5e6e4ef867 (webtiles) character file.

Game seed: 15034091941104503932

42 fernweh the Slasher (level 3, -2/35 HPs)
             Began as a Gnoll Chaos Knight on Nov 6, 2023.
             Was a Plaything of Xom.
             Killed from afar by an orc wizard (5 damage)
             ... with a puff of flame
             ... on level 2 of the Dungeon.
             The game lasted 00:02:52 (1184 turns).

fernweh the Slasher (Gnoll Chaos Knight)            Turns: 1184, Time: 00:02:53

Health: -2/35      AC:  5    Str: 11 (13) XL:     3   Next: 56%
Magic:  4/4        EV: 11    Int:  9 (11) God:    Xom [..*...]
Gold:   39         SH:  0    Dex:  9 (11) Spells: 3/3 levels left

rFire   . . .        a - +0 falchion (chaos)
rCold   . . .        (no shield)
rNeg    . . .        b - +2 leather armour
rPois   .            (no helmet)
rElec   .            (no cloak)
rCorr   .            (no gloves)
SInv    .            (no boots)
Will    .....        (no amulet)
Stlth   +            (no ring)
HPRegen 0.25/turn    (no ring)
MPRegen 0.09/turn

%: no passive effects
@: confused, mighty
A: fangs 1, strong nose, distributed training
a: Renounce Religion


You were on level 2 of the Dungeon.
You worshipped Xom.
You were a toy of Xom.
You visited 1 branch of the dungeon, and saw 2 of its levels.

You collected 39 gold pieces.

Inventory:

Hand Weapons
 a - a +0 falchion of chaos (weapon)
Missiles
 f - 3 javelins
Armour
 b - a +2 leather armour (worn)
Jewellery
 h - a +4 ring of slaying
Scrolls
 c - a scroll of butterflies
 g - a scroll of enchant armour {unknown}
 j - a scroll of immolation {unknown}
Potions
 d - a potion of enlightenment {unknown}
 e - 2 potions of degeneration
 i - a potion of curing {unknown}
 k - 2 potions of mutation {unknown}
 l - a potion of brilliance {unknown}


   Skills:
 + Level 6.5 Fighting
 + Level 0.9 Short Blades
 + Level 6.5 Long Blades
 + Level 0.9 Axes
 + Level 0.9 Maces & Flails
 + Level 0.9 Polearms
 + Level 0.9 Staves
 + Level 0.9 Ranged Weapons
 + Level 0.9 Throwing
 + Level 4.5 Armour
 + Level 2.6 Dodging
 + Level 0.9 Stealth
 + Level 0.9 Shields
 + Level 0.9 Unarmed Combat
 + Level 0.9 Spellcasting
 + Level 0.6 Conjurations
 + Level 0.6 Hexes
 + Level 0.6 Summonings
 + Level 0.6 Necromancy
 + Level 0.6 Translocations
 + Level 0.6 Transmutations
 + Level 0.6 Fire Magic
 + Level 0.6 Ice Magic
 + Level 0.6 Air Magic
 + Level 0.6 Earth Magic
 + Level 0.6 Poison Magic
 + Level 1.0 Invocations
 + Level 0.9 Evocations
 + Level 0.7 Shapeshifting


You had 3 spell levels left.
You didn't know any spells.
Your spell library was empty.

Dungeon Overview and Level Annotations

Branches:
Dungeon (2/15)

Altars:


Innate Abilities, Weirdness & Mutations

You have very sharp teeth.
Your uncanny sense of smell can sniff out nearby items.
Your experience applies equally to all skills.


Message History

The orc hits you with a +0 whip.
Unknown command.
You're too confused to move!
The ball python closely misses you. The ball python misses you.
Unknown command.
Unknown command.
You bump into the rock wall.
The ball python closely misses you. x2
The orc hits you with a +0 whip. The ball python barely misses you.
The ball python misses you.
Unknown command.
The orc wizard misses you. The orc attacks as it pursues you!
The orc misses you.
There is a stone staircase leading up, spattered with blood here.
The orc wizard casts a spell at you. The magic dart hits you!
The orc hits you with a +0 whip.
In your confused state, you trip and fall back down the stairs.
The orc wizard hits you but does no damage.
The orc misses you.
Unknown command.
The orc barely misses you.
In your confused state, you trip and fall back down the stairs.
Xom is highly amused!
The orc wizard gestures at you while chanting.
The magic dart hits you!
* * * LOW HITPOINT WARNING * * *
The orc closely misses you.
You bump into the rock wall.
The orc wizard casts a spell at you. The magic dart hits you.
* * * LOW HITPOINT WARNING * * *
The orc misses you.
Unknown command.
It was a potion of degeneration.
There was something very wrong with that liquid.
You feel weakened.
You feel dopey.
You feel clumsy.
Xom is highly amused!
The orc wizard casts a spell at you. The puff of flame hits you.
You die...
Xom giggles madly!

#.#.....#.........#.###...
#.###.#.........#.#.# ####
#...........###.#.#.#
#####.##......#.#.#.#
#.....#.....#.#.#...#
#.#####.......#.##### ∆
#.#####.......#.# #### ∆
#.......##o...#.# ##...
#######.#@oS....# #....
#######...######..#.
..........#.......+.
########....##.#.##.
##.#....#.... #o#.##.#....
∆ #.#...>#....
..#..###.... .###..# #)###


You could see an orc wizard, an orc and a ball python.

Vanquished Creatures
  An adder (D:2)
  2 worms (D:2)
  A dart slug (D:2)
  An orc (D:1)
  3 ball pythons
  5 endoplasms (D:1)
  A giant cockroach (D:2)
  2 goblins
  2 kobolds (D:1)
  3 bats (D:1)
  A frilled lizard (D:2)
  3 rats
25 creatures vanquished.

Notes
Turn   | Place    | Note
-------+----------+-------------------------------------------
     0 | D:1      | fernweh the Gnoll Chaos Knight began the quest for the Orb.
     0 | D:1      | Reached XP level 1. HP: 23/23 MP: 1/1
    41 | D:1      | XOM: divination: detect items
   257 | D:1      | You fall into a shaft and drop 1 floor!
   348 | D:2      | Reached XP level 2. HP: 22/29 MP: 2/2
   487 | D:2      | Reached XP level 3. HP: 35/35 MP: 3/3
   739 | D:1      | Reached skill level 1 in Invocations
  1169 | D:2      | XOM: potion effect (might)
  1184 | D:2      | Killed from afar by an orc wizard

Illustrated notes

Levels and vault maps discovered:
D:1:      minmay_arrival_doors, layout_loops_cross,
          chequers_serial_rivers_large_a
D:2:      layout_basic

Skill      XL: |  1  2  3 |
---------------+----------+-----
Invocations    | 1 |  1.0
Fighting       | |  6.5
Short Blades   | |  0.9
Long Blades    | |  6.5
Axes           | |  0.9
Maces & Flails | |  0.9
Polearms       | |  0.9
Staves         | |  0.9
Ranged Weapons | |  0.9
Throwing       | |  0.9
Armour         | |  4.5
Dodging        | |  2.6
Stealth        | |  0.9
Shields        | |  0.9
Unarmed Combat | |  0.9
Spellcasting   | |  0.9
Conjurations   | |  0.6
Hexes          | |  0.6
Summonings     | |  0.6
Necromancy     | |  0.6
Translocations | |  0.6
Transmutations | |  0.6
Fire Magic     | |  0.6
Ice Magic      | |  0.6
Air Magic      | |  0.6
Earth Magic    | |  0.6
Poison Magic   | |  0.6
Evocations     | |  0.9
Shapeshifting  | |  0.7

Action                     || total
---------------------------++-------
  Melee: Falchion          ||    63
         Bite              ||     3
         Punch             ||     1
    Use: Potion            ||     1
   Stab: Confused          ||     1
 Armour: Leather armour    ||    45
  Dodge: Dodged            ||    52

Table legend: (Time is in decaauts)
 A = Elapsed time spent in this place.
 B = Non-inter-level travel time spent in this place.
 C = Inter-level travel time spent in this place.
 D = Time resting spent in this place.
 E = Time spent auto-exploring this place.
 F = Levels seen in this place.
 G = Mean time per level.
                   A        B        C        D        E       F      G
               +--------+--------+--------+--------+--------+-----+--------+
         Total |   1198 |   1165 |     33 |      0 |    891 |   2 |  599.0 |
       Dungeon |   1198 |   1165 |     33 |      0 |    891 |   2 |  599.0 |
               +--------+--------+--------+--------+--------+-----+--------+

Top non-repeatable levels by time:
     D:1: 817 daAuts
     D:2: 380 daAuts
